 Dungeon Crawl Stone Soup version 0.19-a0-1260-gc94d3f7 (webtiles) character file.

1408 FrankyJ the Magician (level 8, -6/57 HPs)
             Began as a Demigod Conjurer on Aug 28, 2016.
             Mangled by a killer bee (9 damage)
             ... on level 6 of the Dungeon.
             The game lasted 00:22:06 (7193 turns).

FrankyJ the Magician (Demigod Conjurer)             Turns: 7193, Time: 00:22:07

Health: -6/57      AC:  8    Str: 11    XL:     8   Next: 19%
Magic:  6/22       EV: 13    Int: 23    God:
Gold:   286        SH:  0    Dex: 16    Spells: 3 memorised, 14 levels left

rFire  . . .     SeeInvis .     r - +2 mace (protect)
rCold  . . .     Gourm    .     a - +0 robe
rNeg   . . .     Faith    .     (no shield)
rPois  .         Spirit   .     (no helmet)
rElec  .         Dismiss  .     (no cloak)
rCorr  .         Reflect  .     B - +0 pair of gloves (curse)
MR     .....     Harm     .     (no boots)
Stlth  ++........               (no amulet)
                                (no ring)
                                (no ring)

@: lethally poisoned (-6 -> -21), very slightly contaminated
A: high mp 1
a: no special abilities


You were on level 6 of the Dungeon.
You were very hungry.

You visited 1 branch of the dungeon, and saw 6 of its levels.

You collected 286 gold pieces.

Inventory:

Hand Weapons
 q - a +0 trident
 r - a +2 mace of protection (weapon)
 x - a cursed +0 blowgun
Missiles
 e - 2 tomahawks (quivered)
 y - 25 poisoned needles
Armour
 a - a +0 robe (worn)
 B - a cursed +0 pair of gloves (worn)
Magical Staves
 w - an uncursed staff of summoning
Jewellery
 d - an uncursed ring of stealth {unknown}
 f - an uncursed ring of fire
 i - an uncursed ring of positive energy {unknown}
 A - a +3 ring of strength {unknown}
 J - an uncursed ring of wizardry {unknown}
Scrolls
 k - a scroll of enchant weapon {unknown}
 o - a scroll of fear
 s - 5 scrolls of identify
 D - a scroll of amnesia {unknown}
 E - a scroll of recharging {unknown}
 F - a scroll of remove curse
 H - a scroll of blinking {unknown}
 I - a scroll of enchant armour {unknown}
Potions
 g - 2 potions of lignification {unknown}
 h - 2 potions of curing
 l - a potion of brilliance {unknown}
 m - a potion of haste {unknown}
 n - a potion of ambrosia {unknown}
 p - a potion of magic {unknown}
 u - a potion of cure mutation {unknown}
 v - a potion of flight {unknown}
 z - a potion of mutation {unknown}
 C - a potion of heal wounds {unknown}
 G - a potion of cancellation {unknown}
Books
 b - a book of Conjurations

   Spells                             Type                      Level
   a - Magic Dart                     Conjuration                  1
   b - Searing Ray                    Conjuration                  2
   c - Dazzling Spray                 Conjuration/Hexes            3
   d - Fulminant Prism                Conjuration/Hexes            4
   e - Iskenderun's Mystic Blast      Conjuration                  4
   f - Iskenderun's Battlesphere      Conjuration/Charms           5
Comestibles
 c - 4 bread rations
 j - 2 meat rations
 t - a beef jerky


   Skills:
 - Level 2.0 Dodging
 - Level 2.0 Stealth
 * Level 7.2 Spellcasting
 - Level 5.2 Conjurations
 + Level 3.6 Hexes


You had 14 spell levels left.
You knew the following spells:

 Your Spells              Type           Power        Failure   Level  Hunger
a - Magic Dart            Conj           ####         1%          1    None
b - Searing Ray           Conj           ####..       1%          2    None
c - Fulminant Prism       Conj/Hex       ####......   14%         4    ###....


Dungeon Overview and Level Annotations

Branches:
Dungeon (6/15)
 Temple: D:4-7


Innate Abilities, Weirdness & Mutations

You have an increased reservoir of magic. (+10% MP)


Message History

Unknown command.
You feel better. The killer bee stings you.
* * * LOW HITPOINT WARNING * * *
You are poisoned.
The killer bee poisons you!
The killer bee stings you but does no damage.
The killer bee barely misses you. The killer bee stings you.
* * * LOW HITPOINT WARNING * * *
You are lethally poisoned!
The killer bee poisons you!
You miss the killer bee.
The killer bee is almost dead.
* * * LOW HITPOINT WARNING * * *
You feel sick.
The killer bee misses you. x2; The killer bee stings you.
* * * LOW HITPOINT WARNING * * *
You are more poisoned.
The killer bee poisons you!
The killer bee stings you but does no damage.
The killer bee stings you!
You die...

>..# #.#. ... ....
#.## #..# #..# #..#
# #..## #..#####.##
####...#
#..#.......
.....#.## #..#....#
######..#
#.y#†...### ##.##
#.@y....... #..#
##†#.......
##.#######.#.......
#..#......#.......
##.#.###..#.......
#.#.# #..#####...
####### #.#.######
##≈ #.....# #.....#
#.....# #...###


You could see 2 killer bees.

Vanquished Creatures
  A black bear (D:3)
  2 ogres
  A giant frog (D:6)
  A water moccasin zombie (D:6)
  2 scorpions (D:4)
  3 killer bees (D:6)
  A centaur zombie (D:5)
  2 orc priests
  2 hounds
  7 orc wizards
  An iguana (D:5)
  2 worker ants (D:4)
  A hound skeleton (D:4)
  12 adders
  8 gnolls
  2 oozes
  3 worms
  3 dart slugs
  4 giant geckos
  33 orcs
  13 bats
  4 giant cockroaches
  9 goblins
  5 hobgoblins
  8 jackals
  A quokka (D:5)
  2 ball pythons (D:4)
  A giant gecko skeleton (D:4)
  9 giant newts
  9 kobolds
  A quokka skeleton (D:4)
  7 rats
160 creatures vanquished.

Vanquished Creatures (others)
  A rat (D:1)
  2 fulminant prisms (D:6)
3 creatures vanquished.

Grand Total: 163 creatures vanquished

Notes
Turn   | Place    | Note
-------+----------+-------------------------------------------
     0 | D:1      | FrankyJ the Demigod Conjurer began the quest for the Orb.
     0 | D:1      | Reached XP level 1. HP: 14/14 MP: 5/5
   324 | D:1      | Reached XP level 2. HP: 20/20 MP: 5/7
   332 | D:1      | Learned a level 2 spell: Searing Ray
  1042 | D:1      | Reached skill level 2 in Spellcasting
  1183 | D:1      | Reached XP level 3. HP: 15/26 MP: 6/8
  1954 | D:2      | Reached XP level 4. HP: 23/33 MP: 2/11
  2162 | D:2      | Reached skill level 3 in Spellcasting
  2448 | D:2      | Learned a level 4 spell: Fulminant Prism
  2449 | D:2      | Found a sparkling altar of Nemelex Xobeh.
  2766 | D:3      | Noticed an ogre
  2860 | D:3      | Killed an ogre
  2860 | D:3      | Reached skill level 4 in Spellcasting
  2860 | D:3      | Reached XP level 5. HP: 8/38 MP: 2/14
  2888 | D:3      | Noticed a black bear
  2977 | D:3      | Killed a black bear
  2977 | D:3      | Reached skill level 5 in Conjurations
  2977 | D:3      | Reached XP level 6. HP: 13/45 MP: 3/15
  4020 | D:4      | Reached skill level 5 in Spellcasting
  4084 | D:4      | Reached skill level 1 in Hexes
  4405 | D:4      | Reached XP level 7. HP: 50/50 MP: 14/18
  5283 | D:4      | Reached skill level 6 in Spellcasting
  5510 | D:5      | Entered Level 5 of the Dungeon
  6078 | D:5      | Found a hazy altar of Hepliaklqana.
  6237 | D:5      | Found a burning altar of Makhleb.
  6237 | D:5      | Noticed a green death
  6747 | D:6      | Reached XP level 8. HP: 57/57 MP: 12/22
  7112 | D:6      | Reached skill level 7 in Spellcasting
  7193 | D:6      | Mangled by a killer bee

Vault maps used:
D:1:      lightli_arrival_boilingwater, minmay_misc_feat_columns,
          minmay_tetromino_o2
D:2:      nemelex_dance_club_becter
D:3:      first_bread
D:5:      kennysheep_mini_moat, makhleb_altar_promises_db
D:6:      nicolae_ru_path_of_blood, serial_shops, shop

Skill      XL: |  1  2  3  4  5  6  7  8 |
---------------+-------------------------+-----
Conjurations   | 4 5 |  5.2
Dodging        | 2 |  2.0
Spellcasting   | 2 4 5 6 7 |  7.2
Stealth        | 2 |  2.0
Hexes          | 1 3 |  3.6

Action                   |  1- 3 |  4- 6 |  7- 9 || total
-------------------------+-------+-------+-------++-------
Melee: Unarmed           |     4 |       |       ||     4
       Dagger            |    41 |       |       ||    41
       Trident           |     5 |     8 |       ||    13
       Mace              |       |    49 |    28 ||    77
Throw: Tomahawk          |     1 |       |       ||     1
 Cast: Magic Dart        |    35 |    35 |    17 ||    87
       Searing Ray       |    14 |    44 |    37 ||    95
       Fulminant Prism   |       |       |     2 ||     2
  Use: Scroll            |     2 |     4 |       ||     6
       Potion            |       |       |     2 ||     2
 Stab: Sleeping          |     2 |       |     1 ||     3
  Eat: Chunk             |     4 |     8 |     8 ||    20
Armor: Robe              |    11 |    36 |    50 ||    97
Dodge: Dodged            |    51 |    86 |    73 ||   210
